Cogmind - Beta 11 @@@ ROGUE MODE // 2022.04.21 @ 19:51:48 Player: Momo Result: Destroyed by Y-54 Guardian with Gatling Laser Performance ------------- Evolutions (3) 1500 Regions Visited (12) 2400 Robots Destroyed (139) 695 Value Destroyed (5650) 5650 Prototype IDs (7) 140 Alien Tech Used (0) 0 Bonus (3170) 3170 TOTAL SCORE: 13555 Bonus ------- High Alert Combat Kills 1754 Follower Combat Kills 362 Entered Garrisons 400 Used RIF Installer 1000 Aligned with FarCom 300 Friendly Fire -646 Cogmind --------- Core Integrity 0/700 Matter 214/300 Energy 84/100 System Corruption 6% Temperature Cool (13) Movement Core (100) Ox1 Location -7/Lower Caves Parts ------- > --- POWER (1) -------- (None) > --- PROPULSION (2) --- (None) > --- UTILITY (8) ------ Advanced Weight Redist. System Advanced Terrain Scan Processor Melee Analysis Suite Focal Shield Relay Coupler [ARC] (8) Relay Coupler [Sentry] (22) > --- WEAPON (2) ------- Powered Hammer > --- INVENTORY (5) ---- Launcher Guidance Computer Actuator Array Relay Coupler [Hunter] (18) Relay Coupler [Behemoth] (11) Peak State ------------ > --- POWER ------------ Light Nuclear Core > --- PROPULSION ------- Advanced Treads Medium Treads > --- UTILITY ---------- Lightpack 2.0 Improved Light Armor Plating Reflective Plating Hacking Suite System Shield PSU Rigger > --- WEAPON ----------- Flak Gun Heavy Mace > --- INVENTORY -------- Light Ion Engine Improved Ion Engine Cold Fusion Reactor Heat Sink Advanced Heat Sink Weight Redist. System Structural Scanner Trap Scanner Improved Terrain Scanner Improved Terrain Scan Processor Advanced Targeting Computer Melee Analysis Suite Launcher Guidance Computer Armor Integrity Analyzer Actuator Array Reaction Control System Reaction Control System Light Armor Plating Heavy Armor Plating Improved Light Armor Plating Relay Coupler [ARC] Relay Coupler [Swarmer] Relay Coupler [Grunt] Relay Coupler [Duelist] Relay Coupler [Hunter] Improved System Guard Particle Gun Gauss Cannon Gauss Cannon Remote Datajack Powered Hammer Powered Hammer Katana Segregator [Rating: 78] Favorites ----------- Power Light Nuclear Core Engine Ion Engine Power Core Light Nuclear Core Reactor Cold Fusion Reactor Propulsion Light Treads Treads Light Treads Leg Aluminum Leg Wheel Compact Wheel Hover Unit Gravmag Array Utility Lightpack 2.0 Device Improved Terrain Scanner Storage Lightpack 2.0 Processor Melee Analysis Suite Hackware System Shield Protection Improved Light Armor Plating Weapon Flak Gun Energy Gun Particle Gun Energy Cannon Ion Cannon Ballistic Gun Flak Gun Ballistic Cannon Flak Cannon Launcher Grenade Launcher Special Weapon Remote Datajack Impact Weapon Powered Hammer Slashing Weapon Katana Build | -11 -10 -10 -10 -9 -8 -8 -8 -7 -7 -7 -7 -7 ------- Run | Scr Mat Min Exi Min Mat Gar Sto Fac Gar Fac Low Low Slots Evolved 6 | . . . . . 4 . . 2 . . . . Power . | . . . . . . . . . . . . . Propulsion . | . . . . . . . . . . . . . Utility 6 | . . . . . 4 . . 2 . . . . Weapon . | . . . . . . . . . . . . . Parts Attached 127 | 3 7 1 9 3 4 21 20 23 21 4 2 9 Power 14 | 1 . . 3 1 . 1 2 3 1 . 1 1 Engine 6 | 1 . . 2 . . . . 2 . . . 1 Core 6 | . . . . 1 . 1 2 1 . . 1 . Reactor 2 | . . . 1 . . . . . 1 . . . Propulsion 22 | 2 2 . 1 . . 5 4 4 3 . . 1 Treads 10 | . 2 . . . . 4 2 2 . . . . Leg 6 | . . . . . . . . 2 3 . . 1 Wheel 2 | 2 . . . . . . . . . . . . Hover 4 | . . . 1 . . 1 2 . . . . . Flight . | . . . . . . . . . . . . . Utility 52 | . 2 . 3 1 4 5 7 11 11 3 . 5 Device 19 | . . . 2 1 1 2 4 2 3 2 . 2 Storage 3 | . 1 . . . 1 . . 1 . . . . Processor 6 | . . . . . 1 . . . 4 1 . . Hackware 6 | . . . . . . . . 3 1 . . 2 Protection 18 | . 1 . 1 . 1 3 3 5 3 . . 1 Artifact . | . . . . . . . . . . . . . Weapon 39 | . 3 1 2 1 . 10 7 5 6 1 1 2 Energy Gun 2 | . 1 . . . . 1 . . . . . . Energy Cannon 1 | . . . . . . . . . . . . 1 Ballistic Gun 9 | . 2 . 1 . . . 1 1 2 1 1 . Ballistic Cannon 8 | . . . . . . 3 3 1 1 . . . Launcher 10 | . . 1 1 . . 5 1 2 . . . . Special Weapon 1 | . . . . . . . . . 1 . . . Impact Weapon 3 | . . . . . . . . 1 1 . . 1 Slashing Weapon 5 | . . . . 1 . 1 2 . 1 . . . Piercing Weapon . | . . . . . . . . . . . . . Special Melee Weapon . | . . . . . . . . . . . . . Unidentified Prototypes 6 | . . . 3 1 1 . 1 . . . . . Parts Lost 71 | . . . 1 . . 6 13 10 8 . . 33 Power 8 | . . . . . . . 2 3 1 . . 2 Propulsion 11 | . . . . . . 1 3 2 2 . . 3 Utility 35 | . . . 1 . . 3 4 2 5 . . 20 Weapon 17 | . . . . . . 2 4 3 . . . 8 Highest Loss Streak 27 | . . . 1 . . 3 8 7 7 . . 27 To Critical Strikes . | . . . . . . . . . . . . . Average Slot Usage (%) 80 | . 96 100 97 85 65 76 76 78 69 78 84 83 Engine 3 | . 14 14 14 3 . . . 2 . . . 3 Core 4 | . . . . 11 9 8 9 2 . . 1 2 Reactor 1 | . . . . . . . . . 6 7 5 . Treads 10 | . 11 28 24 . . 17 12 12 1 . . . Leg 4 | . . . . . . . . 2 11 15 15 13 Hover 1 | . . . 1 14 9 . 2 . . . . . Device 5 | . . . 2 14 6 3 13 5 1 5 7 7 Storage 8 | . 14 14 14 14 9 9 9 7 7 7 7 4 Processor 7 | . . . . . 8 5 . . 14 19 23 19 Hackware 3 | . . . . . . . . 17 . . . 5 Protection 10 | . 13 14 11 . 4 14 13 11 9 7 7 9 Ballistic Gun 6 | . 22 14 14 2 . . 2 6 3 1 8 11 Ballistic Cannon 2 | . . . . . . 4 11 1 1 . . . Launcher 5 | . . 13 13 14 9 9 1 . . . . . Impact Weapon 1 | . . . . . . . . 2 6 7 5 3 Slashing Weapon 1 | . . . . 12 9 . 1 3 . . . . Naked Turns . | . . . . . . . . . . . . . Heaviest Build 42 | 5 17 18 21 19 20 36 36 32 42 28 29 22 Greatest Support 50 | 26 40 40 40 20 20 42 46 50 50 26 20 29 Greatest Overweight (x) 13 | . . . 6 . . 1 1 1 13 1 1 1 Average Overweight (x) . | . . . . . . . . . 1 . 1 . Largest Inventory Capacity 40 | 5 8 8 8 8 40 40 40 40 40 40 40 40 Average Capacity 31 | 5 8 8 8 8 37 40 40 40 40 40 40 25 Most Carried 40 | 4 8 8 8 8 26 27 37 40 34 32 40 40 Average Carried 23 | 2 5 7 6 8 14 23 31 35 28 30 37 25 Final Capacity 40 | 5 8 8 8 8 40 40 40 40 40 40 40 5 Final Carried 39 | 4 8 8 8 8 26 27 37 34 30 32 39 4 Class Distribution -------------------- 54% | Hauler-Mutant 25% | Mutant 20% | Bothacker-Mutant Dominant Class ---------------- Mutant | -10/Materials Mutant | -10/Mines Mutant | -10/Exiles Mutant | -9/Mines Hauler-Mutant | -8/Materials Hauler-Mutant | -8/Garrison Hauler-Mutant | -8/Storage Hauler-Mutant | -7/Factory Hauler-Mutant | -7/Garrison Bothacker-Mutant | -7/Factory Bothacker-Mutant | -7/Lower Caves Bothacker-Mutant | -7/Lower Caves Resources | -11 -10 -10 -10 -9 -8 -8 -8 -7 -7 -7 -7 -7 ----------- Run | Scr Mat Min Exi Min Mat Gar Sto Fac Gar Fac Low Low Matter Collected 3450 | 129 78 118 176 137 120 577 956 360 529 77 149 44 Remotely 336 | . . . . . . . . . 336 . . . Salvage Created 4249 | . 92 67 14 162 848 702 927 832 347 96 162 . Parts 238 | . 6 7 . 9 58 44 54 38 13 2 7 . Haulers Intercepted 2 | . . . . . 2 . . . . . . . Recyclers Shooed . | . . . . . . . . . . . . . Parts Field Recycled . | . . . . . . . . . . . . . Retrieved Matter . | . . . . . . . . . . . . . Parts Self-Destructed 12 | . . . . . . . . . . . 11 1 Prevented . | . . . . . . . . . . . . . Kills | -11 -10 -10 -10 -9 -8 -8 -8 -7 -7 -7 -7 -7 ------- Run | Scr Mat Min Exi Min Mat Gar Sto Fac Gar Fac Low Low Combat Hostiles Destroyed 116 | . 4 4 1 1 11 30 30 17 11 2 4 1 Melee 14 | . . . . . 4 . 2 5 3 . . . Guns 23 | . 4 1 . . . . . 4 7 2 4 1 Cannons 29 | . . . . . . 8 19 1 1 . . . AOE 50 | . . 3 1 1 7 22 9 7 . . . . Classes Destroyed 20 | . 2 . 1 2 5 2 3 3 1 . . 1 Worker 4 | . . . . . 4 . . . . . . . Builder 4 | . . . . . 3 . 1 . . . . . Tunneler 2 | . . . . 1 1 . . . . . . . Hauler 2 | . . . . . 2 . . . . . . . Recycler 5 | . . . . 1 2 . . 2 . . . . Operator 2 | . . . . . . . 2 . . . . . Watcher 3 | . . . . . 3 . . . . . . . Swarmer 26 | . 3 3 . . 3 11 3 3 . . . . Cutter 3 | . . . . . . . . . 3 . . . Saboteur 2 | . . . . . . 2 . . . . . . Grunt 56 | . 1 1 . 2 5 13 17 7 5 2 3 . Brawler 3 | . . . . . . 1 1 . 1 . . . Duelist 2 | . . . . . . . 1 1 . . . . Protector 1 | . . . . . . . . 1 . . . . Sentry 18 | . . . . . 3 3 8 2 2 . . . Specialist 2 | . . . . . . . . 2 . . . . Hunter 2 | . . . . . . . 1 . . . 1 . Programmer 1 | . . . . . . . . 1 . . . . Thief 1 | . . . . . . . . . . . . 1 Assembled 3 | . . . 3 . . . . . . . . . Best Kill Streak 10 | . 3 3 1 2 10 6 10 5 4 2 3 1 Combat Bots Only 9 | . 3 3 1 1 9 6 8 5 4 2 3 1 Max Kills in Single Turn 5 | . 1 2 2 1 2 3 2 5 2 1 1 1 Gunslinging . | . . . . . . . . . . . . . Exploded 5 | . . 2 1 1 2 3 2 5 . . . . Melee 1 | . . . . . 1 . 1 1 1 . . . Uniques/NPCs Destroyed 3 | . . . 3 . . . . . . . . . EX-HEX (-10/Exiles) EX-BIN (-10/Exiles) 8R-AWN (-10/Exiles) Combat | -11 -10 -10 -10 -9 -8 -8 -8 -7 -7 -7 -7 -7 -------- Run | Scr Mat Min Exi Min Mat Gar Sto Fac Gar Fac Low Low Damage Taken 8491 | . 129 48 305 57 337 844 2099 1382 2000 62 154 1074 Core 1385 | . 19 . 97 25 72 91 376 199 246 . 33 227 Absorbed by Shields . | . . . . . . . . . . . . . Core Remaining (%) 48 | 100 . . . 43 . . 2 . . . . . Volleys Fired 265 | . 14 6 9 7 8 62 72 29 27 6 16 9 Largest 2 | . 2 1 2 1 1 2 2 1 2 1 2 2 Hottest 96 | . 60 30 40 30 30 75 88 48 96 28 56 60 Shots Fired 343 | . 26 6 15 7 8 68 109 28 34 6 20 16 Gun 133 | . 26 4 13 4 . 3 12 11 20 6 20 14 Cannon 135 | . . . . . . 23 88 9 13 . . 2 Launcher 74 | . . 2 2 3 8 42 9 8 . . . . Special 1 | . . . . . . . . . 1 . . . Kinetic 262 | . 25 4 13 4 . 23 100 20 33 6 20 14 Thermal 6 | . 1 . . . . 3 . . . . . 2 Explosive 47 | . . 2 2 3 8 22 7 3 . . . . Electromagnetic 27 | . . . . . . 20 2 5 . . . . Robot Hit Streak 12 | . 12 2 3 4 5 9 11 10 10 3 8 5 Robot Miss Streak 7 | . 1 2 2 1 1 7 7 3 5 5 5 5 Penetration Max 1 | . . . . . . . . . 1 . . . Secondary Targets . | . . . . . . . . . . . . . Shots Hit Robots 333 | . 19 2 6 8 38 37 96 45 43 5 18 16 Core Hits 373 | . 6 5 7 7 33 66 126 41 41 9 26 6 Critical Kills . | . . . . . . . . . . . . . Critical Parts Destroyed 1 | . . . . . . . . . 1 . . . Critical Strikes 5 | . . . . . 1 . 1 2 1 . . . Blast 1 | . . . . . . . . 1 . . . . Smash 1 | . . . . . . . . . 1 . . . Sever 3 | . . . . . 1 . 1 1 . . . . Melee Attacks 132 | . . . . 2 58 1 9 29 24 1 1 7 Impact 31 | . . . . . . . . . 22 1 1 7 Slashing 101 | . . . . 2 58 1 9 29 2 . . . Piercing . | . . . . . . . . . . . . . Sneak Attacks 23 | . . . . 2 15 . 1 5 . . . . Combat Hostiles 1 | . . . . . . . . 1 . . . . Follow-up Attacks 1 | . . . . . . . . . 1 . . . Damage Inflicted 12737 | . 252 184 337 478 2191 2431 2762 2157 1257 100 296 292 Guns 1743 | . 252 22 79 51 . . 69 211 434 100 296 229 Cannons 2456 | . . . . . . 452 1556 111 337 . . . Explosions 5146 | . . 162 258 298 544 1979 945 960 . . . . Melee 3392 | . . . . 129 1647 . 192 875 486 . . 63 Ramming . | . . . . . . . . . . . . . Kinetic 4199 | . 252 22 79 51 . 452 1625 322 771 100 296 229 Thermal 561 | . . . . . . 27 . 534 . . . . Explosive 3542 | . . 162 258 298 544 1347 747 186 . . . . Electromagnetic 1043 | . . . . . . 605 198 240 . . . . Impact 485 | . . . . . . . . . 422 . . 63 Slashing 2907 | . . . . 129 1647 . 192 875 64 . . . Piercing . | . . . . . . . . . . . . . Highest Corruption 6 | . . . . . . . . 2 2 2 2 6 Average Corruption 2 | . . . . . . . . 1 2 2 2 3 Corruption Purged . | . . . . . . . . . . . . . Corruption Blocked . | . . . . . . . . . . . . . Effects 52 | . . . . . . . . 17 9 2 8 16 Message Errors 11 | . . . . . . . . 4 2 . 3 2 Matter Fused 13 | . . . . . . . . 5 2 1 3 2 Heat Flow Errors 8 | . . . . . . . . . 2 1 . 5 Energy Discharges 8 | . . . . . . . . 1 1 . 1 5 Data Loss (minor) 5 | . . . . . . . . 3 . . . 2 Data Loss (major) 3 | . . . . . . . . 3 . . . . Misfires 1 | . . . . . . . . . 1 . . . Alerts 2 | . . . . . . . . . 1 . 1 . Weapon Failures 1 | . . . . . . . . 1 . . . . Overload Shots . | . . . . . . . . . . . . . Overflow Damage 527 | . . 10 . 74 169 79 11 116 68 . . . Projectiles . | . . . . . . . . . . . . . Explosions 100 | . . 10 . . . 79 11 . . . . . Melee 427 | . . . . 74 169 . . 116 68 . . . Knockbacks 50 | . . . . . . 5 41 1 3 . . . Impact . | . . . . . . . . . . . . . Kinetic 46 | . . . . . . 5 37 1 3 . . . Secondary 4 | . . . . . . . 4 . . . . . Self-Inflicted Damage 187 | . . . . 13 19 78 11 66 . . . . Shots 10 | . . . . 1 2 3 2 2 . . . . Rammed . | . . . . . . . . . . . . . Targets Rammed . | . . . . . . . . . . . . . Kicked . | . . . . . . . . . . . . . Crushed . | . . . . . . . . . . . . . Highest Temperature 512 | . 9 . . . 11 116 512 164 370 79 . 251 Average Temperature 110 | . 3 . . . 5 38 137 62 209 47 . 101 Received Heat Transfer 3270 | . 54 18 . 24 162 279 1089 402 870 36 81 255 Effects 14 | . . . . . . . 7 . 6 . . 1 Shutdowns 1 | . . . . . . . 1 . . . . . Energy Bleed 3 | . . . . . . . 1 . 1 . . 1 Interference 4 | . . . . . . . 3 . 1 . . . Matter Decay 2 | . . . . . . . . . 2 . . . Short Circuit 3 | . . . . . . . 1 . 2 . . . Damage (major) 1 | . . . . . . . 1 . . . . . Siege Activations . | . . . . . . . . . . . . . Robots Corrupted . | . . . . . . . . . . . . . Combat Hostiles . | . . . . . . . . . . . . . Parts Fried 3 | . . . . . . . 1 2 . . . . Impact Corruptions 2 | . . . . . . . . . 2 . . . Robots Melted . | . . . . . . . . . . . . . Combat Hostiles . | . . . . . . . . . . . . . Parts Melted . | . . . . . . . . . . . . . Heat Transferred 300 | . . . . . . . . 300 . . . . Parts Sabotaged . | . . . . . . . . . . . . . Parts Stolen . | . . . . . . . . . . . . . Parts Stripped . | . . . . . . . . . . . . . Power Chain Reactions 3 | . . . . . . 3 . . . . . . Missiles Intercepted . | . . . . . . . . . . . . . Alert | -11 -10 -10 -10 -9 -8 -8 -8 -7 -7 -7 -7 -7 ------- Run | Scr Mat Min Exi Min Mat Gar Sto Fac Gar Fac Low Low Peak Influence 1407 | . 130 209 . 135 506 1407 1312 816 685 402 . . Initial 685 | . . 50 . . 52 328 685 533 413 359 . . Average 619 | . 69 166 . 128 95 933 1106 633 579 369 . . Maximum Alert Level 4 | . . 1 . . 2 4 4 3 2 2 . . Low Security (%) 19 | 100 100 45 . 100 91 . . . . . . . Level 1 7 | . . 54 . . 2 2 . . . 77 . . Level 2 36 | . . . . . 6 16 4 76 100 22 . . Level 3 21 | . . . . . . 53 35 22 . . . . Level 4 14 | . . . . . . 27 60 . . . . . Level 5 . | . . . . . . . . . . . . . High Security . | . . . . . . . . . . . . . Max Security . | . . . . . . . . . . . . . Squads Dispatched 27 | . 1 . . . 2 . 15 7 . 2 . . Investigation 3 | . . . . . . . 1 1 . 1 . . Extermination 2 | . . . . . . . . 2 . . . . Reinforcement 9 | . 1 . . . 1 . 3 3 . 1 . . Assault 5 | . . . . . . . 4 1 . . . . Garrison 8 | . . . . . 1 . 7 . . . . . Intercept . | . . . . . . . . . . . . . Searches Triggered . | . . . . . . . . . . . . . Construction Impeded 3 | . . . . . 1 . 1 1 . . . . Haulers Reinforced 2 | . . . . . . . . 1 . 1 . . Active Scanning Responses . | . . . . . . . . . . . . . Cargo Convoy Interrupts . | . . . . . . . . . . . . . Stealth | -11 -10 -10 -10 -9 -8 -8 -8 -7 -7 -7 -7 -7 --------- Run | Scr Mat Min Exi Min Mat Gar Sto Fac Gar Fac Low Low Distress Signals 5 | . . . . . 1 2 2 . . . . . Communications Jammed . | . . . . . . . . . . . . . Distress Signals . | . . . . . . . . . . . . . Times Spotted 175 | . 8 5 6 3 20 36 47 24 13 2 7 4 Peak Tracking Total 10 | . 5 3 6 3 7 6 10 6 8 2 3 3 Tactical Retreats 8 | . . . . . 1 4 . 2 . . . 1 Traps | -11 -10 -10 -10 -9 -8 -8 -8 -7 -7 -7 -7 -7 ------- Run | Scr Mat Min Exi Min Mat Gar Sto Fac Gar Fac Low Low Traps Triggered 7 | . . . . . . . 1 1 5 . . . Indirectly 1 | . . . . . . . 1 . . . . . Trap Hack Attempts . | . . . . . . . . . . . . . Triggered . | . . . . . . . . . . . . . Disarmed . | . . . . . . . . . . . . . Reprogrammed . | . . . . . . . . . . . . . Reused . | . . . . . . . . . . . . . Traps Extracted . | . . . . . . . . . . . . . Installed . | . . . . . . . . . . . . . Triggered . | . . . . . . . . . . . . . Power Sources Rigged 15 | . . . 1 . . 8 . 5 1 . . . Exploded 12 | . . . . . . 7 . 5 . . . . Machines | -11 -10 -10 -10 -9 -8 -8 -8 -7 -7 -7 -7 -7 ---------- Run | Scr Mat Min Exi Min Mat Gar Sto Fac Gar Fac Low Low Machines Disabled 21 | . . . 3 . 3 5 2 5 2 . 1 . Max in Single Turn 4 | . . . 2 . 2 2 1 4 1 . 1 . Garrison Relay 5 | . . . . . . 3 . . 2 . . . Machines Sabotaged . | . . . . . . . . . . . . . Garrisons Compromised . | . . . . . . . . . . . . . Overloaded Fab Kills . | . . . . . . . . . . . . . Hacking | -11 -10 -10 -10 -9 -8 -8 -8 -7 -7 -7 -7 -7 --------- Run | Scr Mat Min Exi Min Mat Gar Sto Fac Gar Fac Low Low Machines Accessed 18 | . . . . . 9 . 4 4 . . . 1 Terminals 10 | . . . . . 6 . 3 1 . . . . Fabricators 1 | . . . . . . . . 1 . . . . Repair Stations . | . . . . . . . . . . . . . Recycling Units . | . . . . . . . . . . . . . Scanalyzers 2 | . . . . . 2 . . . . . . . Garrison Access 4 | . . . . . 1 . 1 2 . . . . Total Hacks 52 | . . . . . 33 . 6 12 . . . 1 Successful 31 | . . . . . 20 . 4 6 . . . 1 Failed 21 | . . . . . 13 . 2 6 . . . . Catastrophic 2 | . . . . . . . 1 1 . . . . Database Lockouts . | . . . . . . . . . . . . . Manual 34 | . . . 1 . 21 . 4 8 . . . . Terminals 35 | . . . . . 25 . 5 5 . . . . Fabricators 3 | . . . . . . . . 3 . . . . Repair Stations . | . . . . . . . . . . . . . Recycling Units . | . . . . . . . . . . . . . Scanalyzers 7 | . . . . . 7 . . . . . . . Garrison Access 6 | . . . . . 1 . 1 4 . . . . Terminal Hacks 11 | . . . . . 8 . 2 . . . . 1 Open Door 2 | . . . . . . . 1 . . . . 1 Emergency Access Points 1 | . . . . . 1 . . . . . . . Terminal Index 1 | . . . . . 1 . . . . . . . Garrison Index 1 | . . . . . 1 . . . . . . . Unreport Threat 2 | . . . . . 2 . . . . . . . Locate Traps 1 | . . . . . 1 . . . . . . . Registered Components 1 | . . . . . 1 . . . . . . . Zone Layout 2 | . . . . . 1 . 1 . . . . . Fabricator Hacks 2 | . . . . . . . . 2 . . . . Load Schematic 1 | . . . . . . . . 1 . . . . Build 1 | . . . . . . . . 1 . . . . Repair Station Hacks . | . . . . . . . . . . . . . Recycling Unit Hacks . | . . . . . . . . . . . . . Scanalyzer 5 | . . . . . 5 . . . . . . . Insert Component 3 | . . . . . 3 . . . . . . . Analyze 2 | . . . . . 2 . . . . . . . Garrison Access Hacks 3 | . . . . . 1 . . 2 . . . . Unlock Access 3 | . . . . . 1 . . 2 . . . . Unauthorized Hacks 10 | . . . . . 6 . 2 2 . . . . Terminals 8 | . . . . . 6 . 1 1 . . . . Assimilate 1 | . . . . . 1 . . . . . . . Botnet 5 | . . . . . 5 . . . . . . . Disrupt 2 | . . . . . . . 1 1 . . . . Fabricators 1 | . . . . . . . . 1 . . . . Prioritize 1 | . . . . . . . . 1 . . . . Repair Stations . | . . . . . . . . . . . . . Recycling Units . | . . . . . . . . . . . . . Scanalyzers . | . . . . . . . . . . . . . Garrison Access 1 | . . . . . . . 1 . . . . . Reprogram 1 | . . . . . . . 1 . . . . . Data Cores Recovered . | . . . . . . . . . . . . . Used . | . . . . . . . . . . . . . Hacking Detections 13 | . . . . . 7 . 2 4 . . . . Full Trace Events 1 | . . . . . . . . 1 . . . . Feedback Events . | . . . . . . . . . . . . . Feedback Blocked . | . . . . . . . . . . . . . Robot Schematics Acquired . | . . . . . . . . . . . . . Robots Built . | . . . . . . . . . . . . . Authchips . | . . . . . . . . . . . . . Time . | . . . . . . . . . . . . . Total Robot Build Rating . | . . . . . . . . . . . . . Part Schematics Acquired 2 | . . . . . 2 . . . . . . . Parts Built 1 | . . . . . . . . 1 . . . . Authchips . | . . . . . . . . . . . . . Time 102 | . . . . . . . . 102 . . . . Total Part Build Rating 8 | . . . . . . . . 8 . . . . Parts Repaired . | . . . . . . . . . . . . . Time . | . . . . . . . . . . . . . Parts Recycled . | . . . . . . . . . . . . . Recycled Matter . | . . . . . . . . . . . . . Retrieved Matter . | . . . . . . . . . . . . . Retrieved Components . | . . . . . . . . . . . . . Parts Scanalyzed 2 | . . . . . 2 . . . . . . . Part Schematics Acquired 2 | . . . . . 2 . . . . . . . Parts Damaged . | . . . . . . . . . . . . . Bothacking | -11 -10 -10 -10 -9 -8 -8 -8 -7 -7 -7 -7 -7 ------------ Run | Scr Mat Min Exi Min Mat Gar Sto Fac Gar Fac Low Low Used RIF Installer 2 | . . . . . . 1 . . 1 . . . Command Fork 1 | . . . . . . . . . 1 . . . Robots Hacked 1 | . . . . . . . . . 1 . . . Non-combat . | . . . . . . . . . . . . . Combat 1 | . . . . . . . . . 1 . . . Robot Hacks Applied 1 | . . . . . . . . . 1 . . . formatsys_high 1 | . . . . . . . . . 1 . . . Relay Couplers Released 18 | . . . . . . 11 . . 7 . . . Machine Destruction 18 | . . . . . . 11 . . 7 . . . Attached 3 | . . . . . . . . . 1 . . 2 Fabnet Peak Effective % . | . . . . . . . . . . . . . Robots Rewired . | . . . . . . . . . . . . . Allies Hacked . | . . . . . . . . . . . . . Hacks Repelled . | . . . . . . . . . . . . . Allies | -11 -10 -10 -10 -9 -8 -8 -8 -7 -7 -7 -7 -7 -------- Run | Scr Mat Min Exi Min Mat Gar Sto Fac Gar Fac Low Low Total Allies 12 | . . 5 . . 1 . 5 . 1 . . . Largest Group 4 | . . 4 4 1 1 . 3 . 1 1 1 . Highest-Rated Group 82 | . . 82 82 13 13 . 62 . 21 21 21 . Highest-Rated Ally 31 | . . 31 31 13 13 . 31 . 21 21 21 . Total Orders 2 | . . . 2 . . . . . . . . . STAY 1 | . . . 1 . . . . . . . . . FOLLOW 1 | . . . 1 . . . . . . . . . Ally Attacks 104 | . . 5 44 8 . . 34 . . 4 9 . Total Damage 2646 | . . 69 1843 87 . . 352 . . 95 200 . Kills 19 | . . 1 7 2 . . 6 . . . 3 . Allies Corrupted . | . . . . . . . . . . . . . Allies Melted . | . . . . . . . . . . . . . Turrets Deployed 3 | . . . 3 . . . . . . . . . Intel | -11 -10 -10 -10 -9 -8 -8 -8 -7 -7 -7 -7 -7 ------- Run | Scr Mat Min Exi Min Mat Gar Sto Fac Gar Fac Low Low Robot Analysis Total . | . . . . . . . . . . . . . Derelict Logs Recovered 3 | . . . . . . . . . . . 2 1 Drone Launches . | . . . . . . . . . . . . . Drone Recoveries . | . . . . . . . . . . . . . Exploration | -11 -10 -10 -10 -9 -8 -8 -8 -7 -7 -7 -7 -7 ------------- Run | Scr Mat Min Exi Min Mat Gar Sto Fac Gar Fac Low Low Turns Passed 9173 | 36 222 437 1080 135 767 1550 819 1374 938 218 814 783 Spaces Moved 5467 | 32 137 260 677 175 873 852 356 786 365 113 393 448 Core 14 | 3 . . 1 . . . 3 . 7 . . . Treads 2641 | . 55 260 548 . . 839 256 645 38 . . . Legs 1415 | . . . . . . . . 141 320 113 393 448 Wheels 111 | 29 82 . . . . . . . . . . . Hover 1286 | . . . 128 175 873 13 97 . . . . . Flight . | . . . . . . . . . . . . . Fastest Speed 50 | 50 90 160 60 60 60 60 60 120 152 120 190 120 Average Speed 138 | 87 118 160 145 60 60 151 140 148 202 172 190 157 Slowest Speed 700 | 100 160 160 350 60 60 225 160 190 700 190 190 190 Overloaded Moves . | . . . . . . . . . . . . . Propulsion Burnouts . | . . . . . . . . . . . . . Robots Hopped 4 | . . . 4 . . . . . . . . . Cave-ins Triggered 1 | . . . . . . . . . . . . 1 Exploration Rate (%) 43 | 4 30 50 59 39 66 67 44 24 43 3 65 71 Regions Visited 12 Branch Regions 6 Pre-discovered Areas . | . . . . . . . . . . . . . Known Exits Taken 3 | . . . . . 1 . 1 1 . . . . Unknown Exits Taken 7 | 1 1 1 1 1 . . . . . 1 1 . Scrap Searched 5 | . . . . 1 . . . . . . 2 2 Spaces Dug 28 | . . . . . 15 . 3 2 2 1 . 5 Terrain Destroyed 298 | . . 17 5 26 38 117 31 56 2 1 . 5 Melee 28 | . . . . . 15 . 3 2 2 1 . 5 Projectile 4 | . . . . . . . . 4 . . . . AOE 266 | . . 17 5 26 23 117 28 50 . . . . Terrain Rammed . | . . . . . . . . . . . . . Walls Destroyed . | . . . . . . . . . . . . . Machines Disabled . | . . . . . . . . . . . . . Actions | -11 -10 -10 -10 -9 -8 -8 -8 -7 -7 -7 -7 -7 --------- Run | Scr Mat Min Exi Min Mat Gar Sto Fac Gar Fac Low Low Total 6519 | 38 171 276 759 194 1021 1039 548 921 487 128 444 493 Wait 277 | . 4 6 29 6 55 65 66 21 2 . 9 14 Move 5446 | 31 136 259 668 174 872 851 355 785 364 112 392 447 Hop 4 | . . . 4 . . . . . . . . . Pick Up 148 | 4 8 2 17 . 21 20 21 18 12 5 16 4 Fast Attach 37 | 3 2 . 2 2 1 2 8 8 3 . 1 5 Attach 47 | . 4 . 1 . 2 10 9 12 6 2 . 1 Detach 11 | . . . . . 2 2 5 2 . . . . Swap 43 | . 1 1 6 1 1 9 3 3 12 2 1 3 Drop 59 | . 2 2 22 2 1 9 . 9 2 . 8 2 Fire 265 | . 14 6 9 7 8 62 72 29 27 6 16 9 Melee 131 | . . . . 2 58 1 9 29 23 1 1 7 Ram . | . . . . . . . . . . . . . Kick . | . . . . . . . . . . . . . Crush . | . . . . . . . . . . . . . Escape Stasis 36 | . . . . . . . . . 35 . . 1 Rewire . | . . . . . . . . . . . . . Trap 15 | . . . 1 . . 8 . 5 1 . . . Miscellaneous . | . . . . . . . . . . . . . Route ------- -11/Scrapyard -10/Materials -10/Mines (discovered 3 exits: [*Mat x2] / *Exi) -10/Exiles -9/Mines -8/Materials (discovered 4 exits: *Fac / *Sto x2 / Gar) -8/Garrison (discovered 2 exits: *Sto x2) -8/Storage -7/Factory (discovered 3 exits: [*Fac] / Gar / Gar) -7/Garrison -7/Factory -7/Lower Caves -7/Lower Caves History --------- Turn | Location | Event 16 | -11/Scrapyard | Discovered new exit (range 16) 37 | -11/Scrapyard | Entered Materials 154 | -10/Materials | Discovered new exit (range 15) 259 | -10/Materials | Entered Mines 263 | -10/Mines | Assisted by bots powering up and referring to "LRC-V3" 308 | -10/Mines | Build established: Mutant 364 | -10/Mines | Found a damaged Exp. Sensor Array with a note attached 368 | -10/Mines | Found Prototype Device 402 | -10/Mines | Discovered new exit (range 9) 564 | -10/Mines | Discovered new exit (range 4) 684 | -10/Mines | Deemed a non-threat by the Exiles lab entrance 684 | -10/Mines | Discovered new exit (range 5) 696 | -10/Mines | Entered Exiles 696 | -10/Exiles | Accompanied by 4 allies 726 | -10/Exiles | Led the pair of lost Derelicts to a safe place 741 | -10/Exiles | Met 8R-AWN 765 | -10/Exiles | Met EX-HEX 927 | -10/Exiles | Met EX-DEC 994 | -10/Exiles | Met EX-BIN 1142 | -10/Exiles | Aligned with FarCom system 1144 | -10/Exiles | Given EX-Vault access code 1180 | -10/Exiles | Opened EX-Vault 1187 | -10/Exiles | Found Deploy-a-Sentry 1189 | -10/Exiles | Found Deploy-a-Sentry 1192 | -10/Exiles | Found Deploy-a-Sentry 1196 | -10/Exiles | Found Prototype Device 1205 | -10/Exiles | Found Prototype Storage 1241 | -10/Exiles | Warned to stay clear of 0b10 Research branches 1305 | -10/Exiles | DAS Turret deployed 1307 | -10/Exiles | DAS Turret deployed 1310 | -10/Exiles | DAS Turret deployed 1355 | -10/Exiles | Identified PSU Rigger 1565 | -10/Exiles | Attacked by the Exiles 1568 | -10/Exiles | Allies destroyed EX-HEX 1570 | -10/Exiles | Allies destroyed EX-BIN 1594 | -10/Exiles | Allies destroyed 8R-AWN 1602 | -10/Exiles | Found Prototype Device 1602 | -10/Exiles | Identified AS-neutralizer No. 17b 1739 | -10/Exiles | Discovered new exit (range 14) 1776 | -10/Exiles | Stole two prototypes: Lightpack 2.0, PSU Rigger 1776 | -10/Exiles | Entered Mines 1776 | -9/Mines | Accompanied by 2 allies 1779 | -9/Mines | Core integrity fell below 50% 1799 | -9/Mines | Identified Exp. Sensor Array 1807 | -9/Mines | Discovered new exit (range 9) 1823 | -9/Mines | Met a Derelict bent on vengeance 1911 | -9/Mines | Entered Materials 1911 | -8/Materials | Accompanied by 1 ally 1911 | -8/Materials | Evolved 4 slots: Utility x4 1942 | -8/Materials | Discovered new exit (range 16) 1976 | -8/Materials | Identified Lightpack 2.0 2264 | -8/Materials | Build established: Hauler-Mutant 2321 | -8/Materials | Discovered new exit (range 13) 2342 | -8/Materials | Identified exit to Factory 2612 | -8/Materials | Garrison activated, responded to threat 2661 | -8/Materials | Destroyed 9 combat bots 2665 | -8/Materials | Identified exit to Garrison 2672 | -8/Materials | Discovered new exit (range 6) 2678 | -8/Materials | Entered Garrison 2682 | -8/Garrison | Installed Relay Interface Framework 2800 | -8/Garrison | Triggered checkpoint 2938 | -8/Garrison | Triggered checkpoint 3188 | -8/Garrison | Triggered checkpoint 3292 | -8/Garrison | Garrison Relay disabled 3318 | -8/Garrison | Triggered checkpoint 3530 | -8/Garrison | Spotted B-75 Beast 3530 | -8/Garrison | Spotted B-75 Beast 3592 | -8/Garrison | Lost 3 parts (3u) 3751 | -8/Garrison | Discovered new exit (range 10) 3804 | -8/Garrison | Triggered checkpoint 3953 | -8/Garrison | Triggered checkpoint 4090 | -8/Garrison | Triggered checkpoint 4148 | -8/Garrison | Garrison Relay disabled 4207 | -8/Garrison | Discovered new exit (range 15) 4228 | -8/Garrison | Entered Storage 4262 | -8/Storage | Garrison activated, responded to threat 4300 | -8/Storage | Destroyed 8 combat bots 4377 | -8/Storage | Garrison activated, responded to threat 4628 | -8/Storage | First assault squad dispatched 4683 | -8/Storage | Core integrity fell below 50% 4724 | -8/Storage | Garrison activated, responded to threat 4741 | -8/Storage | Core integrity fell below 20% 4762 | -8/Storage | Lost 8 parts (3n3u2w) 4996 | -8/Storage | Discovered exit to Factory (range 7) 5006 | -8/Storage | Met a pair of Derelict thieves 5047 | -8/Storage | Entered Factory 5047 | -7/Factory | Evolved 2 slots: Utility x2 5181 | -7/Factory | Identified exit to Garrison 5447 | -7/Factory | First assault squad dispatched 5602 | -7/Factory | Discovered new exit (range 16) 5705 | -7/Factory | Lost 7 parts (1p2n2u2w) 6040 | -7/Factory | Identified exit to Garrison 6238 | -7/Factory | Fabricated Exp. Sensor Array (x1) 6421 | -7/Factory | Entered Garrison 6559 | -7/Garrison | Core integrity fell below 50% 6585 | -7/Garrison | Lost 7 parts (1p2n4u) 6732 | -7/Garrison | Triggered checkpoint 6845 | -7/Garrison | Discovered new exit (range 8) 6875 | -7/Garrison | Expanded RIF knowledge: Command Fork 6946 | -7/Garrison | Triggered checkpoint 6974 | -7/Garrison | Garrison Relay disabled 7152 | -7/Garrison | Triggered checkpoint 7187 | -7/Garrison | Garrison Relay disabled 7274 | -7/Garrison | Build established: Bothacker-Mutant 7359 | -7/Garrison | Entered Factory 7359 | -7/Factory | Accompanied by 1 ally 7464 | -7/Factory | Discovered new exit (range 15) 7577 | -7/Factory | Entered Lower Caves 7577 | -7/Lower Caves | Accompanied by 1 ally 7604 | -7/Lower Caves | Learned location of 1 exit from Factory 7625 | -7/Lower Caves | Learned location of 1 exit from Factory 8336 | -7/Lower Caves | Discovered new exit (range 12) 8391 | -7/Lower Caves | Entered another Lower Caves area 8479 | -7/Lower Caves | Encountered a Warlord checkpoint 8517 | -7/Lower Caves | Learned Factory terminal intel 8853 | -7/Lower Caves | Crushed by falling debris 8884 | -7/Lower Caves | Lost 27 parts (1p1n18u7w) 8955 | -7/Lower Caves | Spotted B-75 Beast 8969 | -7/Lower Caves | Core integrity fell below 20% 9049 | -7/Lower Caves | Attracted the attention of an 0b10 checkpoint 9140 | -7/Lower Caves | Build established: Mutant 9174 | -7/Lower Caves | Destroyed by Y-54 Guardian with Gatling Laser Last Messages --------------- 08936_ System corrupted: Heat flow error (+208). 08961_ System corrupted: Matter fused (-6). 09003_ Mak. Power Source destroyed. 09006_ Knocked back. 09018_ Acquired 4 matter. 09025_ System corrupted: Energy discharge (-2). 09047_ System corrupted: Energy discharge (-8). 09049_ Y-54 Guardian: "INTERCEPTING UNREGISTERED DERELICT." 09054_ Searching scrap... 09054_ Found Lightning Gun. 09054_ Found 24 Matter. 09055_ Acquired 24 matter. 09075_ Aluminum Leg destroyed. 09101_ ,WN UTTGWFTJN=OQQ3U4 09131_ Imp. Light Armor Plating destroyed. 09136_ System corrupted: Heat flow error (+252). 09165_ System corrupted: Heat flow error (+231). 09167_ Aluminum Leg destroyed. 09171_ Flak Gun destroyed. 09171_ Imp. Medium Armor Plating destroyed. Map ----- +----------------------------------------------------+ | ??????????????????## ##?# ##??## | | ??????????????????? ### ####### | | ??????????????????????# ## ##### | | ?????????????????????????# | | ?????????????????????????## | | ??????????????????????????## ### ######+#### | | ???????????????????????????# ##?## #?????????# | | ????????????????????????#### ##???# #?????????# | | ????????????????????????# ##??## #?????????#$ | | ????????????????????????# ## ### #?????????# | | ????????????????????##### ## #?????????# | | ????????????????????# #?????????# | | ????????????????????# #?????????# | | ????????????????????# #### ### #?????????# | | ?????????????????? ?????# ##??? #?????????# | | ???????????????? ????????## #????? #?????????# | | ???????????????????????????## #????? ???????? | | ????????????????????????????# ##?????? ??????? | | ???????????????????????????## ###?????#???????? | | ???????????????????????????# ##?????????????? | | ???????????????????????????### ##????????????? | | ?????????????????????????????# ##???????????? | | ?????????????????????###????## ####????????? | | ????????????????????## ###?## #????????? | | ???????????????????## ### #??????? | | ???????????????????# @ g ### #???? | | ???????????????????# Y ##??#### #???? | | ???????????????????# ######???????### #???? | | ???????????????????#######????????????????####???? | | ?????????????????????????????????????????????????? | | ?????????????????????????????????????????????????? | | ?????????????????????????????????????????????????? | | ?????????????????????????????????????????????????? | | ?????????????????????????????????????????????????? | | ?????????????????????????????????????????????????? | | ?????????????????????????????????????????????????? | | ?????????????????????????????????????????????????? | | ?????????????????????????????????????????????????? | | ?????????????????????????????????????????????????? | | ?????????????????????????????????????????????????? | | ?????????????????????????????????????????????????? | | ?????????????????????????????????????????????????? | | ?????????????????????????????????????????????????? | | ?????????????????????????????????????????????????? | | | | | | | | | | | | | +----------------------------------------------------+ Best States ------------- Heat Dissipation 60 Energy Generation 17 Energy Capacity 265 Matter Stores 300 Matter Capacity 300 Sight Range 16 Robot Scan Range 20 Terrain Scan Range 16 Terrain Scan Density 210 Additional Mass Support 9 Armor Coverage 750 Resistance: KI 20 Resistance: TH 10 Evasion (%) 55 Targeting Accuracy 8 Melee Accuracy 5 Armor Integrity Analysis 30 Recoil Reduction 2 Offensive Hacking 10 Defensive Hacking 20 Relay Coupler Types 2 Relay Coupler Value 30 Item Schematics ----------------- Exp. Sensor Array | -8/Materials | Scanalyzed System Shield | -8/Materials | Scanalyzed Robot Schematics ------------------ None Fabricated ------------ Exp. Sensor Array | x1 | -7/Factory Alien Tech Used ----------------- None Achievements -------------- None Challenges ------------ None Game ------ Seed LinearAdvancedSteel Manual? 1 Play Time 01:28:55 Cumulative 262.1 hours Start 2022.04.21 @ 18:13:42 End 2022.04.21 @ 19:51:48 Sessions 1 Manual Loads 0 Difficulty Rogue Special Mode None Game No. 135 Rogue 131 Adventurer 0 Explorer 4 Win Type - Total 15 Types 4/0/2/3/1/2/3/0/0 Lore% 75 Gallery% 81 Achievement% 73 Wizard Run 0 Options --------- ASCII 0 Keyboard 0 Movement Mouse Keybinds 0 Fullscreen 1 Font 18/SmallcapsGlow Map View 76x50 Tactical HUD 1 Map Filters NONE Filters NONE Steam 1 RUN: efa4b6cc-6db4-46dc-adbd-38196292454c